 Dungeon Sprint DCSS version 0.17-a0-18-gc25b939 (webtiles) character file.

14305 BluebellGnoll the Warrior (level 11, -18/104 HPs)
             Began as a Demonspawn Gladiator on Mar 8, 2015.
             Was the Champion of Jiyva.
             Killed from afar by a pearl dragon (52 damage)
             ... with a blast of cleansing flame
             ... in the Dungeon (Sprint V: "Ziggurat Sprint").
             The game lasted 00:20:28 (419 turns).

BluebellGnoll the Warrior (Demonspawn Gladiator)     Turns: 419, Time: 00:20:29

Health: -18/104    AC: 31    Str: 32    XL:     11   Next: 87%
Magic:  26/26      EV:  7    Int: 12    God:    Jiyva [******]
Gold:   0          SH: 32    Dex: 25    Spells: 2 memorised, 6 levels left

rFire  + . .     SeeInvis +     q - +14 obsidian axe {chop, +Fly Str+3 SInv Curse} (curse)
rCold  + + .     Clarity  +     K - +5 gold dragon armour
rNeg   + + +     SustAb   .     t - +18 shield of the gong {rElec rN+ MR+ EV-5}
rPois  +         Gourm    .     R - +2 helmet of the King of the Hill {rElec rN+}
rElec  +         Spirit   .     (no cloak)
rCorr  +         Warding  .     (no gloves)
rMut   .         NoTele   +     (boots unavailable)
MR     ++++.                    P - amulet of the Four Winds {Clar rN+ MR+++}
Stlth  ..........               u - +6 ring of strength
                                p - +6 ring of dexterity

@: mighty, agile, mesmerised, very slightly contaminated, hasted, glowing, very
quick, incredibly resistant to hostile enchantments, extremely unstealthy
A: hooves 3, icy blue scales 2, blink 1, clarity, cold resistance 1, demonic
guardian 1, shaggy fur 1, electricity resistance, spiny 1, strong 1, wild magic
1, acidic bite, eyeballs 1, gelatinous body 2, translucent skin 1, evolution 1,
jelly sensing items, jelly absorbing missiles
a: Blink, Request Jelly, Jelly Paralyse, Slimify, Cure Bad Mutation, Renounce
Religion, Evoke Flight


You were in the Dungeon.
You worshipped Jiyva.
Jiyva was exalted by your worship.
You were completely stuffed.

You visited 1 branch

Inventory:

Hand weapons
 q - the cursed +14 obsidian axe (weapon) {chop, +Fly Str+3 SInv Curse}
   (You found it in the Dungeon)

   It inflicts extra damage upon your enemies.
   It affects your strength (+3).
   It enhances your eyesight.
   It lets you fly.
   It may re-curse itself when equipped.
   It has a curse placed upon it.
 L - a +5 broad axe
Missiles
 d - 6 throwing nets (quivered)
Armour
 t - the +18 shield of the gong (worn) {rElec rN+ MR+ EV-5}
   (You found it in the Dungeon)

   It affects your evasion (-5).
   It insulates you from electricity.
   It protects you from negative energy.
   It affects your resistance to hostile enchantments.
 K - a +5 gold dragon armour (worn)
 R - the +2 helmet of the King of the Hill (worn) {rElec rN+}
   (You found it in the Dungeon)

   It insulates you from electricity.
   It protects you from negative energy.
Jewellery
 b - an uncursed ring of protection from fire
 c - the ring of Resetwah {rF- rC+ MP+9 Str+5 SInv}
   (You found it in the Dungeon)

   [ring of magical power]

   It affects your strength (+5).
   It makes you vulnerable to fire.
   It protects you from cold.
   It affects your magic capacity (+9).
   It enhances your eyesight.
 p - a +6 ring of dexterity (left hand)
 r - a +6 ring of intelligence
 s - a +6 ring of intelligence
 u - a +6 ring of strength (right hand)
 P - the amulet of the Four Winds (around neck) {Clar rN+ MR+++}
   (You found it in the Dungeon)

   [amulet of clarity]

   It provides mental clarity.
   It protects you from negative energy.
   It affects your resistance to hostile enchantments.
 T - the ring of Interdependent Arising {rPois rN+ Dex+4}
   (You found it in the Dungeon)

   [ring of poison resistance]

   It affects your dexterity (+4).
   It protects you from poison.
   It protects you from negative energy.
Magical devices
 l - a wand of disintegration (6)
 m - a wand of fire (4)
 n - a wand of cold (5)
 o - a wand of draining (5)
Scrolls
 k - 3 scrolls of blinking
 x - 4 scrolls of amnesia
 y - 3 scrolls of recharging
 z - 6 scrolls of fog
 A - 5 scrolls of identify
 B - 5 scrolls of remove curse
 C - 2 scrolls of fear
Potions
 e - 10 potions of curing
 g - 8 potions of heal wounds
 h - 5 potions of haste
 i - 7 potions of magic
 j - 3 potions of berserk rage
 D - 2 potions of brilliance
 E - 2 potions of invisibility
 F - 2 potions of restore abilities
 G - 4 potions of resistance
 I - 4 potions of agility
 J - 4 potions of might
Books
 H - a book of Enchantments

   Spells                             Type                      Level
   a - Tukima's Dance                 Hexes                        3
   b - Cause Fear                     Hexes                        4
   c - Silence                        Hexes/Air                    5
   d - Deflect Missiles               Charms/Air                   6
   e - Haste                          Charms                       6
   f - Discord                        Hexes                        8
Miscellaneous
 a - a plain deck of defence {drawn: 1}
 M - a plain deck of summoning {drawn: 1}
 O - a plain deck of destruction {drawn: 1}
 Q - a lamp of fire
 S - a phantom mirror
Comestibles
 f - 5 bread rations
 v - 42 fruits
 w - 4 meat rations


   Skills:
 + Level 16.1 Fighting
 - Level 15.0 Axes
 - Level 1.7 Throwing
 - Level 11.2 Armour
 - Level 2.6 Dodging
 + Level 9.0 Shields
 - Level 12.5 Evocations


You had 6 spell levels left.
You knew the following spells:

 Your Spells              Type           Power        Failure   Level  Hunger
a - Mephitic Cloud        Conj/Pois/Air  #.......     100%        3    ####...
b - Apportation           Tloc           #.........   100%        1    ##.....


Dungeon Overview and Level Annotations

Branches:
Dungeon (1/1)

Altars:
Ashenzari
Cheibriados
Dithmenos
Elyvilon
Fedhas
Gozag
Kikubaaqudgha
Makhleb
Nemelex Xobeh
Okawaru
Qazlal
Ru
Sif Muna
Trog
Vehumet
Xom
Yredelemnul
Zin
The Shining One
Beogh
Jiyva
Lugonu


Innate Abilities, Weirdness & Mutations

You have hooves in place of feet.
You are mostly covered in icy blue scales (AC +3, EV -1).
Your flesh is cold resistant.
A weak demonic guardian rushes to your aid.
You are partially covered in sharp spines.
You can translocate small distances at will.
You possess an exceptional clarity of mind.
You are covered in fur (AC +1).
You are resistant to electric shocks.
Your muscles are strong. (Str +2)
Your spells are a little harder to cast, but a little more powerful.
You have acidic saliva.
Your body is partially covered in golden eyeballs (Acc +3).
Your pliable body absorbs attacks (AC +1, EV +1).
Your skin is partially translucent (Stealth, -foe acc).
You evolve.
You have a small jelly attached to you that senses nearby items.
You have a small jelly attached to you that may absorb incoming projectiles.


Message History

BOUMMMMG!
You block the arrow.
You hear a distant slurping noise.
Jiyva appreciates your sacrifice.
You feel a little less hungry.
You feel a little better.
The pearl dragon bites your azure jelly!!!
The pearl dragon completely misses your azure jelly.
Your azure jelly hits the pearl dragon but does no damage. x2
Your azure jelly hits the pearl dragon. x2
The pearl dragon breathes holy energy at your azure jelly.
The blast of cleansing flame engulfs your azure jelly.
Your azure jelly appears unharmed.
Unknown command.
Use which ability? (? or * to list)
A powerful magic prevents control of your teleportation.
You blink.
You feel slightly less full.
The pearl dragon breathes holy energy at you.
The blast of cleansing flame engulfs you!
Ouch! That really hurt!
You die...

,, ▓.........▓....G ,
▓.........▓..... , , ,
▓.....=...▓.....
▓....)....▓.....
,▓▓▓▓▓▓▓▓▓▓▓▓▓..))[....▓.▓...
▓....8©8....▓....)....▓.....
,▓...}|}:"}..▓▓▓▓▓▓▓▓▓▓▓▓▓▓▓▓
▓...[[§|)...▓...8©8...▓..8©8
▓.....§...§@▓..4.)=)..▓..)[}
▓.....A§D§§§▓...[|J...▓..)3.
▓.....§§DDJ§▓...))[...▓...J.
,
,▓.....§§A§D§▓...).)...▓.....
▓.....§AD§§.▓.........▓.....
▓..▓.§§§J▓.§▓.........▓..)..
▓....§J..§..▓.........▓.[)).
▓....(§.....▓.........▓..)).
▓▓▓▓▓▓▓▓▓▓▓▓▓▓▓▓▓▓▓▓▓▓▓▓▓▓▓▓


You could see 2 pearl dragons, a cherub (roused) and a friendly azure jelly.

Vanquished Creatures
  A green draconian (D)
  3 vault guards (D)
  A deep elf death mage (D)
  An ice dragon (D)
  An ogre mage (D)
  A deep elf knight (D)
  An ice devil (D)
  2 deep elf summoners (D)
  An unseen horror (shapeshifter) (D)
  3 deep elf conjurers (D)
  A wizard (D)
  A cyclops (D)
  An elephant (D)
  A spiny frog (D)
  A demonic crawler (D)
  A komodo dragon (D)
  A jumping spider (D)
  A merfolk (D)
  2 deep elf magi (D)
  2 hippogriffs (D)
  A deep elf fighter (D)
  A hell hound (D)
  2 porcupines (D)
  2 ice beasts (D)
  2 orc warriors (D)
  A crocodile (D)
  A necrophage (D)
  2 centaurs (D)
  An iron imp (D)
  2 orc wizards (D)
  3 hell rats (D)
  A sheep (D)
  A white imp (D)
  An ufetubus (D)
  2 adder skeletons (D)
  4 orcs (D)
  2 bat zombies (D)
  2 giant gecko zombies (D)
  A fungus (D)
59 creatures vanquished.

Vanquished Creatures (collateral kills)
  A hydra (D)
  An ice dragon (D)
  An ice devil (D)
  3 draconians (D)
  A yaktaur (D)
  A spiny frog (D)
  A tormentor (D)
  A merfolk (D)
  A hippogriff (D)
  A water moccasin (D)
  An ice beast (D)
  An adder zombie (D)
  A quokka (D)
15 creatures vanquished.

Vanquished Creatures (others)
  A death ooze (D)
  An ice devil (D)
  2 fire elementals (D)
  An air elemental (D)
  Purgy (D)
  Sigmund (D)
  3 jellies (D)
  3 iron imps (D)
  2 white imps (D)
  5 ufetubi (D)
20 creatures vanquished.

Grand Total: 94 creatures vanquished

Notes
Turn   | Place    | Note
--------------------------------------------------------------
     0 | D        | BluebellGnoll, the Demonspawn Gladiator, began the quest for the Orb.
     0 | D        | Reached XP level 1. HP: 16/16 MP: 1/1
     0 | D        | Found a viscous altar of Jiyva.
     0 | D        | Found a corrupted altar of Lugonu.
     0 | D        | Found a white marble altar of Elyvilon.
     2 | D        | Found a sparkling altar of Nemelex Xobeh.
     2 | D        | Found a burning altar of Makhleb.
     2 | D        | Found a deep blue altar of Sif Muna.
     3 | D        | Found a bloodstained altar of Trog.
     6 | D        | Found an iron altar of Okawaru.
    18 | D        | Found a radiant altar of Vehumet.
    26 | D        | Found a basalt altar of Yredelemnul.
    27 | D        | Found a shimmering altar of Xom.
    39 | D        | Killed Sigmund
    63 | D        | Became a worshipper of Jiyva Joqearor the Shapeless
    71 | D        | Acquired Jiyva's first power
    71 | D        | Acquired Jiyva's second power
    73 | D        | Reached skill level 6 in Armour
    73 | D        | Gained mutation: You have large cloven feet. [demonic ancestry]
    73 | D        | Reached XP level 2. HP: 22/22 MP: 2/2
    73 | D        | Gained mutation: You are frail (-10% HP). [Jiyva's grace]
    75 | D        | Gained mutation: Your skin is partially translucent (Stealth, -foe acc). [Jiyva's grace]
    75 | D        | Acquired Jiyva's third power
    75 | D        | Gained mutation: Your spells are a little easier to cast, but a little less powerful. [Jiyva's grace]
    75 | D        | Acquired Jiyva's fourth power
    75 | D        | Lost mutation: Your spells are a little easier to cast, but a little less powerful. [Jiyva's grace]
    75 | D        | Lost mutation: You are frail (-10% HP). [Jiyva's grace]
    84 | D        | Gained mutation: Your mind is acute. (Int +2) [Jiyva's grace]
    84 | D        | Gained mutation: You are somewhat resistant to further mutation. [Jiyva's grace]
    86 | D        | Entered arena 1.
    86 | D        | Noticed a necrophage
    86 | D        | Lost mutation: Your mind is acute. (Int +2) [Jiyva's grace]
    86 | D        | Gained mutation: Scrolls take you a little longer to read. [Jiyva's grace]
    86 | D        | Gained mutation: You have acidic saliva. [Jiyva's grace]
    86 | D        | Gained mutation: You have an increased reservoir of magic (+10% MP). [Jiyva's grace]
    86 | D        | Lost mutation: Scrolls take you a little longer to read. [Jiyva's grace]
    88 | D        | Gained mutation: You passively map a small area around you. [Jiyva's grace]
    88 | D        | Lost mutation: You are somewhat resistant to further mutation. [Jiyva's grace]
    88 | D        | Gained mutation: Your natural rate of healing is unusually fast. [Jiyva's grace]
    88 | D        | Gained mutation: Scrolls take you a little longer to read. [Jiyva's grace]
    88 | D        | Gained mutation: You have a pair of small horns on your head. [Jiyva's grace]
    88 | D        | Gained mutation: You have hoof-like feet. [Jiyva's grace]
    88 | D        | Gained mutation: Your flesh is cold resistant. [Jiyva's grace]
    88 | D        | Gained mutation: You can spit poison. [Jiyva's grace]
    88 | D        | Lost mutation: Your skin is partially translucent (Stealth, -foe acc). [Jiyva's grace]
    88 | D        | Lost mutation: You passively map a small area around you. [Jiyva's grace]
    89 | D        | Killed a necrophage
    89 | D        | Reached skill level 5 in Axes
    89 | D        | Reached XP level 3. HP: 26/31 MP: 3/3
    89 | D        | Gained mutation: A weak demonic guardian rushes to your aid. [demonic ancestry]
    89 | D        | Reached XP level 4. HP: 31/38 MP: 4/4
    89 | D        | Lost mutation: You have hoof-like feet. [Jiyva's grace]
    89 | D        | Gained mutation: Armour fits poorly on your pseudopods. [Jiyva's grace]
    89 | D        | Gained mutation: Your spells are a little harder to cast, but a little more powerful. [Jiyva's grace]
    89 | D        | Gained mutation: You expend magic power (3 MP) to slightly strengthen your wands. [Jiyva's grace]
    90 | D        | Gained mutation: Your muscles are strong. (Str +2) [Jiyva's grace]
    91 | D        | Gained mutation: You expend magic power (6 MP) to strengthen your wands. [Jiyva's grace]
    91 | D        | Gained mutation: Your mind is acute. (Int +2) [Jiyva's grace]
    91 | D        | Lost mutation: You can spit poison. [Jiyva's grace]
    91 | D        | Lost mutation: You have acidic saliva. [Jiyva's grace]
    91 | D        | Gained mutation: You are frail (-10% HP). [Jiyva's grace]
    93 | D        | Gained mutation: Your flesh is very cold resistant. [Jiyva's grace]
    93 | D        | Lost mutation: Your spells are a little harder to cast, but a little more powerful. [Jiyva's grace]
    93 | D        | Gained mutation: You have acidic saliva. [Jiyva's grace]
    93 | D        | Gained mutation: Your rubbery body absorbs attacks (AC +1). [Jiyva's grace]
    95 | D        | Entered arena 2.
    95 | D        | Noticed a hell hound
    96 | D        | Lost mutation: Scrolls take you a little longer to read. [Jiyva's grace]
    98 | D        | Gained mutation: You are resistant to hostile enchantments. [Jiyva's grace]
    99 | D        | Killed a hell hound
    99 | D        | Reached skill level 7 in Axes
    99 | D        | Gained mutation: You are partially covered in sharp spines. [demonic ancestry]
    99 | D        | Reached XP level 5. HP: 38/41 MP: 5/5
    99 | D        | Gained mutation: Your pliable body absorbs attacks (AC +1, EV +1). [Jiyva's grace]
    99 | D        | Gained mutation: You have a pair of horns on your head. [Jiyva's grace]
   103 | D        | Gained mutation: Your spells are a little harder to cast, but a little more powerful. [Jiyva's grace]
   113 | D        | Gained mutation: You possess an exceptional clarity of mind. [Jiyva's grace]
   117 | D        | Entered arena 3.
   117 | D        | Noticed a draconian
   117 | D        | Noticed a green draconian
   117 | D        | Noticed a draconian
   117 | D        | Noticed a draconian
   118 | D        | Gained mutation: Your mind is very acute. (Int +4) [Jiyva's grace]
   118 | D        | Gained mutation: You are resistant to electric shocks. [Jiyva's grace]
   118 | D        | Lost mutation: You have a pair of horns on your head. [Jiyva's grace]
   120 | D        | Lost mutation: You are frail (-10% HP). [Jiyva's grace]
   121 | D        | Lost mutation: Your mind is very acute. (Int +4) [Jiyva's grace]
   121 | D        | Gained mutation: Your skin is partially translucent (Stealth, -foe acc). [Jiyva's grace]
   122 | D        | Killed a draconian
   122 | D        | Reached skill level 8 in Fighting
   122 | D        | Reached skill level 9 in Axes
   122 | D        | Gained mutation: You have hoof-like feet. [demonic ancestry]
   122 | D        | Reached XP level 6. HP: 32/56 MP: 6/6
   122 | D        | Gained mutation: Thin tendrils of slime have grown from your body. [Jiyva's grace]
   122 | D        | Lost mutation: Your pliable body absorbs attacks (AC +1, EV +1). [Jiyva's grace]
   122 | D        | Lost mutation: Armour fits poorly on your pseudopods. [Jiyva's grace]
   125 | D        | Killed a green draconian
   125 | D        | Reached skill level 10 in Fighting
   125 | D        | Reached skill level 11 in Axes
   125 | D        | Gained mutation: You are partially covered in icy blue scales (AC +1). [demonic ancestry]
   125 | D        | Reached XP level 7. HP: 61/67 MP: 7/7
   125 | D        | Gained mutation: You are mostly covered in icy blue scales (AC +3, EV -1). [demonic ancestry]
   125 | D        | Reached XP level 8. HP: 67/74 MP: 8/8
   125 | D        | Killed a draconian
   125 | D        | Reached skill level 12 in Axes
   126 | D        | Killed a draconian
   128 | D        | Lost mutation: Your mind is acute. (Int +2) [Jiyva's grace]
   132 | D        | Lost mutation: Your muscles are strong. (Str +2) [Jiyva's grace]
   133 | D        | Entered arena 4.
   133 | D        | Noticed an iron imp
   134 | D        | Gained mutation: You can translocate small distances at will. [Jiyva's grace]
   137 | D        | Killed an iron imp
   138 | D        | Gained mutation: You have a pair of horns on your head. [Jiyva's grace]
   138 | D        | Lost mutation: You expend magic power (6 MP) to strengthen your wands. [Jiyva's grace]
   142 | D        | Killed Purgy
   143 | D        | Gained mutation: Your pliable body absorbs attacks (AC +1, EV +1). [Jiyva's grace]
   144 | D        | Gained mutation: You heal very quickly. [Jiyva's grace]
   145 | D        | Entered arena 5.
   145 | D        | Noticed a deep elf conjurer
   145 | D        | Noticed a deep elf mage
   145 | D        | Noticed a deep elf mage
   145 | D        | Noticed a deep elf conjurer
   146 | D        | Lost mutation: You can translocate small distances at will. [Jiyva's grace]
   146 | D        | Lost mutation: You possess an exceptional clarity of mind. [Jiyva's grace]
   149 | D        | Killed a deep elf conjurer
   149 | D        | Reached skill level 5 in Shields
   149 | D        | Gained mutation: You have hooves in place of feet. [demonic ancestry]
   149 | D        | Reached XP level 9. HP: 69/82 MP: 9/9
   149 | D        | Gained mutation: You are covered in fur (AC +1). [Jiyva's grace]
   149 | D        | Lost mutation: Your flesh is very cold resistant. [Jiyva's grace]
   150 | D        | Killed a deep elf mage
   150 | D        | Killed a deep elf mage
   151 | D        | Gained mutation: You are somewhat resistant to further mutation. [Jiyva's grace]
   153 | D        | Killed a deep elf conjurer
   157 | D        | Gained mutation: Your body is partially covered in golden eyeballs (Acc +3). [Jiyva's grace]
   163 | D        | Lost mutation: You have a pair of horns on your head. [Jiyva's grace]
   167 | D        | Entered arena 6.
   167 | D        | Noticed a golden eye
   167 | D        | Noticed a jelly
   167 | D        | Noticed a golden eye
   167 | D        | Gained mutation: You have a small jelly attached to you that senses nearby items. [Jiyva's grace]
   167 | D        | Gained mutation: Your mind is acute. (Int +2) [Jiyva's grace]
   167 | D        | Gained mutation: Your skin is mostly translucent (Stealth, -foe acc). [Jiyva's grace]
   170 | D        | Lost mutation: You are resistant to hostile enchantments. [Jiyva's grace]
   173 | D        | Gained mutation: You can spit poison. [Jiyva's grace]
   175 | D        | Gained mutation: You have a small jelly attached to you that may absorb incoming projectiles. [Jiyva's grace]
   175 | D        | Gained mutation: Your muscles are strong. (Str +2) [Jiyva's grace]
   176 | D        | Got the ring of Resetwah {rF- rC+ MP+9 Str+5 SInv}
   176 | D        | Lost mutation: Your muscles are strong. (Str +2) [Jiyva's grace]
   178 | D        | Lost mutation: Your mind is acute. (Int +2) [Jiyva's grace]
   179 | D        | Gained mutation: Your gelatinous body deflects attacks (AC +2, EV +2). [Jiyva's grace]
   183 | D        | Entered arena 7.
   183 | D        | Noticed a wizard
   183 | D        | Noticed a yaktaur
   183 | D        | Noticed a vault guard
   183 | D        | Noticed a vault guard
   183 | D        | Noticed a vault guard
   183 | D        | Noticed an ogre mage
   186 | D        | Lost mutation: You have acidic saliva. [Jiyva's grace]
   193 | D        | Gained mutation: Your spells are harder to cast, but more powerful. [Jiyva's grace]
   196 | D        | Killed a vault guard
   196 | D        | Reached skill level 5 in Evocations
   197 | D        | Killed an ogre mage
   197 | D        | Gained mutation: Your flesh is very cold resistant. [demonic ancestry]
   197 | D        | Reached XP level 10. HP: 89/89 MP: 16/22
   197 | D        | Lost mutation: You heal very quickly. [Jiyva's grace]
   199 | D        | Killed a yaktaur
   200 | D        | Lost mutation: Your flesh is very cold resistant. [Jiyva's grace]
   201 | D        | Killed a wizard
   203 | D        | Lost mutation: You are somewhat resistant to further mutation. [Jiyva's grace]
   206 | D        | Killed a vault guard
   206 | D        | Reached skill level 10 in Armour
   207 | D        | Gained mutation: You possess an exceptional clarity of mind. [Jiyva's grace]
   209 | D        | Killed a vault guard
   209 | D        | Reached skill level 10 in Evocations
   212 | D        | Lost mutation: You possess an exceptional clarity of mind. [Jiyva's grace]
   218 | D        | Gained mutation: You are agile. (Dex +2) [Jiyva's grace]
   221 | D        | Gained mutation: You are very agile. (Dex +4) [Jiyva's grace]
   226 | D        | Entered arena 8.
   226 | D        | Noticed a deep elf knight
   226 | D        | Noticed a deep elf summoner
   226 | D        | Noticed a deep elf fighter
   226 | D        | Noticed a deep elf death mage
   226 | D        | Noticed a deep elf conjurer
   226 | D        | Noticed a deep elf summoner
   226 | D        | Gained mutation: You have a considerably increased reservoir of magic (+20% MP). [Jiyva's grace]
   229 | D        | Killed a deep elf fighter
   230 | D        | Noticed an unseen horror
   230 | D        | a hippogriff changed into an unseen horror
   230 | D        | Lost mutation: You have a small jelly attached to you that senses nearby items. [Jiyva's grace]
   231 | D        | Killed an unseen horror
   231 | D        | Reached skill level 13 in Axes
   231 | D        | Gained mutation: You have sharp fingernails. [Jiyva's grace]
   234 | D        | Killed a deep elf summoner
   235 | D        | Lost mutation: Your gelatinous body deflects attacks (AC +2, EV +2). [Jiyva's grace]
   236 | D        | Lost mutation: You expend magic power (3 MP) to slightly strengthen your wands. [Jiyva's grace]
   237 | D        | Killed a deep elf knight
   237 | D        | Reached XP level 11. HP: 96/98 MP: 28/28
   238 | D        | Killed a deep elf conjurer
   239 | D        | Killed a deep elf summoner
   239 | D        | Reached skill level 14 in Axes
   240 | D        | Gained mutation: You are robust (+10% HP). [Jiyva's grace]
   240 | D        | Lost mutation: Your pliable body absorbs attacks (AC +1, EV +1). [Jiyva's grace]
   244 | D        | Killed a deep elf death mage
   245 | D        | Lost mutation: Your skin is mostly translucent (Stealth, -foe acc). [Jiyva's grace]
   245 | D        | Lost mutation: You are covered in fur (AC +1). [Jiyva's grace]
   246 | D        | Lost mutation: You can spit poison. [Jiyva's grace]
   246 | D        | Gained mutation: Your pliable body absorbs attacks (AC +1, EV +1). [Jiyva's grace]
   246 | D        | Lost mutation: Your spells are harder to cast, but more powerful. [Jiyva's grace]
   248 | D        | Gained mutation: You have a pair of horns on your head. [Jiyva's grace]
   250 | D        | Lost mutation: You are robust (+10% HP). [Jiyva's grace]
   250 | D        | Gained mutation: Your body is mostly covered in golden eyeballs (Acc +5). [Jiyva's grace]
   253 | D        | Gained mutation: You have a small jelly attached to you that senses nearby items. [Jiyva's grace]
   257 | D        | Gained mutation: Your mind is acute. (Int +2) [Jiyva's grace]
   260 | D        | Learned a level 3 spell: Mephitic Cloud
   262 | D        | Entered arena 9.
   262 | D        | Noticed an orc wizard
   262 | D        | Noticed an orc warrior
   262 | D        | Noticed an orc warrior
   262 | D        | Noticed an orc wizard
   262 | D        | Lost mutation: You have a small jelly attached to you that may absorb incoming projectiles. [Jiyva's grace]
   265 | D        | Lost mutation: Your natural rate of healing is unusually fast. [Jiyva's grace]
   265 | D        | Lost mutation: You have a small jelly attached to you that senses nearby items. [Jiyva's grace]
   265 | D        | Lost mutation: You are very agile. (Dex +4) [Jiyva's grace]
   265 | D        | Gained mutation: Your skin is mostly translucent (Stealth, -foe acc). [Jiyva's grace]
   266 | D        | Gained mutation: Your muscles are strong. (Str +2) [Jiyva's grace]
   266 | D        | Gained mutation: You evolve. [Jiyva's grace]
   268 | D        | Killed an orc warrior
   268 | D        | Killed an orc wizard
   268 | D        | Lost mutation: You have a pair of horns on your head. [Jiyva's grace]
   269 | D        | Killed an orc warrior
   270 | D        | Killed an orc wizard
   271 | D        | Lost mutation: Your pliable body absorbs attacks (AC +1, EV +1). [Jiyva's grace]
   273 | D        | Lost mutation: You have a pair of small horns on your head. [Jiyva's grace]
   281 | D        | Gained mutation: You passively map a small area around you. [Jiyva's grace]
   284 | D        | Gained mutation: Your muscles are very strong. (Str +4) [Jiyva's grace]
   286 | D        | Entered arena 10.
   286 | D        | Noticed a centaur
   286 | D        | Noticed a hippogriff
   286 | D        | Noticed a cyclops
   286 | D        | Noticed a hippogriff
   286 | D        | Noticed a centaur
   286 | D        | Noticed a hippogriff
   286 | D        | Noticed a merfolk
   286 | D        | Noticed a merfolk
   287 | D        | Gained mutation: You have a greatly increased reservoir of magic (+30% MP). [Jiyva's grace]
   288 | D        | Lost mutation: Thin tendrils of slime have grown from your body. [Jiyva's grace]
   288 | D        | Lost mutation: Your muscles are very strong. (Str +4) [Jiyva's grace]
   289 | D        | Killed a centaur
   289 | D        | Lost mutation: Your mind is acute. (Int +2) [Jiyva's grace]
   290 | D        | Killed a hippogriff
   291 | D        | Killed a hippogriff
   291 | D        | Killed a centaur
   291 | D        | Killed a hippogriff
   291 | D        | Lost mutation: Your body is mostly covered in golden eyeballs (Acc +5). [Jiyva's grace]
   291 | D        | Gained mutation: You have very sharp fingernails. [Jiyva's grace]
   293 | D        | Killed a merfolk
   293 | D        | Gained mutation: Your mind is acute. (Int +2) [Jiyva's grace]
   293 | D        | Gained mutation: Armour fits poorly on your pseudopods. [Jiyva's grace]
   294 | D        | Gained mutation: You have acidic saliva. [Jiyva's grace]
   295 | D        | Lost mutation: Your mind is acute. (Int +2) [Jiyva's grace]
   296 | D        | Killed a cyclops
   297 | D        | Lost mutation: You have very sharp fingernails. [Jiyva's grace]
   298 | D        | Killed a merfolk
   298 | D        | Reached skill level 15 in Axes
   299 | D        | Gained mutation: Your pliable body absorbs attacks (AC +1, EV +1). [Jiyva's grace]
   300 | D        | Lost mutation: Your body is partially covered in golden eyeballs (Acc +3). [Jiyva's grace]
   300 | D        | Gained mutation: Your mind is acute. (Int +2) [Jiyva's grace]
   300 | D        | Lost mutation: You are agile. (Dex +2) [Jiyva's grace]
   303 | D        | Lost mutation: You evolve. [Jiyva's grace]
   303 | D        | Lost mutation: Your spells are a little harder to cast, but a little more powerful. [Jiyva's grace]
   306 | D        | Lost mutation: You have a greatly increased reservoir of magic (+30% MP). [Jiyva's grace]
   314 | D        | Identified Sif Muna's Handbook of Quantum Bewitchment (You found it in the Dungeon)
   317 | D        | Lost mutation: You have a considerably increased reservoir of magic (+20% MP). [Jiyva's grace]
   318 | D        | Learned a level 1 spell: Apportation
   329 | D        | Gained mutation: Your skin is entirely transparent (Stealth, -foe acc). [Jiyva's grace]
   337 | D        | Lost mutation: Your muscles are strong. (Str +2) [Jiyva's grace]
   338 | D        | Entered arena 11.
   338 | D        | Noticed a water moccasin
   338 | D        | Noticed a komodo dragon
   338 | D        | Noticed a spiny frog
   338 | D        | Noticed a crocodile
   338 | D        | Noticed an elephant
   338 | D        | Noticed a porcupine
   338 | D        | Noticed a spiny frog
   339 | D        | Noticed a porcupine
   339 | D        | Noticed a seven-headed hydra
   339 | D        | Lost mutation: Your mind is acute. (Int +2) [Jiyva's grace]
   341 | D        | Gained mutation: You can spit poison. [Jiyva's grace]
   342 | D        | Lost mutation: You can spit poison. [Jiyva's grace]
   343 | D        | Killed a spiny frog
   344 | D        | Killed an elephant
   344 | D        | Gained mutation: You have a small jelly attached to you that senses nearby items. [Jiyva's grace]
   344 | D        | Lost mutation: You have an increased reservoir of magic (+10% MP). [Jiyva's grace]
   346 | D        | Killed a porcupine
   346 | D        | Killed a seven-headed hydra
   346 | D        | Reached skill level 15 in Fighting
   349 | D        | Killed a komodo dragon
   349 | D        | Gained mutation: You passively map the area around you. [Jiyva's grace]
   349 | D        | Killed a water moccasin
   350 | D        | Killed a porcupine
   350 | D        | Killed a spiny frog
   350 | D        | Gained mutation: You evolve. [Jiyva's grace]
   350 | D        | Gained mutation: Your muscles are strong. (Str +2) [Jiyva's grace]
   350 | D        | Gained mutation: You are resistant to hostile enchantments. [Jiyva's grace]
   352 | D        | Killed a crocodile
   352 | D        | Gained mutation: Thin tendrils of slime have grown from your body. [Jiyva's grace]
   353 | D        | Gained mutation: Your gelatinous body deflects attacks (AC +2, EV +2). [Jiyva's grace]
   355 | D        | Lost mutation: Your gelatinous body deflects attacks (AC +2, EV +2). [Jiyva's grace]
   355 | D        | Lost mutation: You have acidic saliva. [Jiyva's grace]
   358 | D        | Lost mutation: You are resistant to hostile enchantments. [Jiyva's grace]
   359 | D        | Got the +2 helmet of the King of the Hill {rElec rN+}
   359 | D        | Lost mutation: You passively map the area around you. [Jiyva's grace]
   359 | D        | Lost mutation: Thin tendrils of slime have grown from your body. [Jiyva's grace]
   372 | D        | Gained mutation: You can translocate small distances at will. [Jiyva's grace]
   374 | D        | Entered arena 12.
   374 | D        | Noticed an ice devil
   374 | D        | Noticed an ice beast
   374 | D        | Noticed an ice devil
   374 | D        | Noticed an ice beast
   374 | D        | Noticed an ice beast
   374 | D        | Noticed an ice dragon
   375 | D        | Noticed a tormentor
   375 | D        | Lost mutation: Your skin is entirely transparent (Stealth, -foe acc). [Jiyva's grace]
   376 | D        | Noticed an ice dragon
   377 | D        | Lost mutation: Your skin is mostly translucent (Stealth, -foe acc). [Jiyva's grace]
   378 | D        | Killed a tormentor
   378 | D        | Lost mutation: You passively map a small area around you. [Jiyva's grace]
   379 | D        | Killed an ice beast
   379 | D        | Gained mutation: Your spells are a little harder to cast, but a little more powerful. [Jiyva's grace]
   379 | D        | Gained mutation: You are covered in fur (AC +1). [Jiyva's grace]
   381 | D        | Lost mutation: Armour fits poorly on your pseudopods. [Jiyva's grace]
   382 | D        | Killed an ice beast
   382 | D        | Killed an ice dragon
   383 | D        | Killed an ice beast
   384 | D        | Killed an ice dragon
   385 | D        | Killed an ice devil
   386 | D        | Lost mutation: You have sharp fingernails. [Jiyva's grace]
   386 | D        | Killed an ice devil
   386 | D        | Reached skill level 16 in Fighting
   388 | D        | Gained mutation: Armour fits poorly on your strangely shaped body. [Jiyva's grace]
   391 | D        | Gained mutation: You possess an exceptional clarity of mind. [Jiyva's grace]
   394 | D        | Got the ring of Interdependent Arising {rPois rN+ Dex+4}
   394 | D        | Gained mutation: You have acidic saliva. [Jiyva's grace]
   404 | D        | Lost mutation: Armour fits poorly on your strangely shaped body. [Jiyva's power]
   405 | D        | Entered arena 13.
   405 | D        | Noticed a pearl dragon
   406 | D        | Noticed a cherub
   406 | D        | Noticed a daeva
   406 | D        | Noticed a pearl dragon
   406 | D        | Lost mutation: You have acidic saliva. [Jiyva's grace]
   407 | D        | Noticed a pearl dragon
   407 | D        | Noticed a pearl dragon
   408 | D        | Noticed a cherub
   408 | D        | Gained mutation: You have a small jelly attached to you that may absorb incoming projectiles. [Jiyva's grace]
   410 | D        | Noticed a pearl dragon
   413 | D        | Gained mutation: You have acidic saliva. [Jiyva's grace]
   417 | D        | Gained mutation: Your body is partially covered in golden eyeballs (Acc +3). [Jiyva's grace]
   419 | D        | Killed from afar by a pearl dragon

Action                   |  1- 3 |  4- 6 |  7- 9 | 10-12 || total
-------------------------+-------+-------+-------+-------++-------
Melee: Broad axe         |     2 |    11 |    20 |    53 ||    86
Invok: Request Jelly     |     1 |     2 |     3 |     6 ||    12
       Jelly Paralyse    |       |       |     1 |       ||     1
       Cure Bad Mutation |       |       |       |     1 ||     1
 Abil: Blink             |       |       |       |     6 ||     6
Evoke: Deck              |       |       |     1 |     2 ||     3
       Wand              |       |       |     1 |     1 ||     2
       Lamp of fire      |       |       |       |     2 ||     2
  Use: Potion            |     1 |       |       |     5 ||     6
       Scroll            |       |       |       |     2 ||     2
 Stab: Distracted        |       |       |     1 |       ||     1
       Confused          |       |       |       |     2 ||     2
